 Dungeon Crawl Stone Soup version 0.16-a0-44-gd96af6c (webtiles) character file.

340 Ololoev the Slasher (level 6, -12/44 HPs)
             Began as a Demonspawn Death Knight on Aug 5, 2014.
             Was a Priest of Yredelemnul.
             Mangled by a mummy (17 damage)
             ... on Level 4 of the Dungeon.
             The game lasted 00:15:03 (5471 turns).

Ololoev the Slasher (Demonspawn Death Knight)       Turns: 5471, Time: 00:15:03

HP -12/44        AC  4     Str 13      XL: 6   Next: 30%
MP  10/10        EV 10     Int 13      God: Yredelemnul [***...]
Gold 216         SH  0     Dex 14      Spells:  0 memorised,  5 levels left

rFire  + . .     SeeInvis .     a - +1 falchion
rCold  + + .     Clarity  .     g - +1 leather armour {rF+}
rNeg   . . .     rCorr    .     (no shield)
rPois  .         rRot     .     (helmet restricted)
rElec  .         Spirit   .     (no cloak)
SustAb .         Warding  .     (no gloves)
rMut   .         Stasis   .     (no boots)
Gourm  .                        (no amulet)
MR     .....                    (no ring)
                                b - ring of protection from cold

@: not resistant to hostile enchantments, very unstealthy
A: horns 1, cold resistance 1, powered by pain 1
a: Animate Dead, Recall Undead Slaves, Injury Mirror, Renounce Religion


You were on level 4 of the Dungeon.
You worshipped Yredelemnul.
Yredelemnul was most pleased with you.
You were not hungry.

You visited 1 branch of the dungeon, and saw 4 of its levels.

You collected 216 gold pieces.

Inventory:

Hand weapons
 a - a +1 falchion (weapon)
Armour
 g - a +1 leather armour of fire resistance (worn)
Magical devices
 i - a wand of invisibility (2)
 k - a wand of slowing (6)
Comestibles
 c - 3 bread rations
 j - a meat ration
 m - 2 chunks of worker ant flesh
Scrolls
 f - 2 scrolls of identify
Jewellery
 b - a ring of protection from cold (left hand)
Potions
 e - 2 potions of restore abilities


   Skills:
 - Level 2.0 Fighting
 + Level 6.1 Long Blades
 - Level 0.8 Armour
 - Level 0.8 Dodging
 - Level 3.6 Invocations


You had 5 spell levels left.
You didn't know any spells.

Dungeon Overview and Level Annotations

Branches:
Dungeon (4/15)
 Temple: D:4-7

Altars:
Ashenzari
Cheibriados
Okawaru
Beogh

Portals:
Ossuary: D:4

Annotations:
D:4 Pikel


Innate Abilities, Weirdness & Mutations

You have a pair of small horns on your head.
Your flesh is cold resistant.
You sometimes gain a little power by taking damage.


Message History

Pikel burns you.
Your gnoll zombie closely misses the slave.
The mummy hits you but does no damage. The slave hits you but does no damage.
Your goblin zombie hits the slave but does no damage.
Use which ability? (? or * to list)
Okay, then.
You hit the mummy but do no damage. You headbutt the mummy.
The mummy is almost destroyed.
The slave hits you. Pikel barely misses you.
Your gnoll zombie hits the slave.
The slave barely misses you.
You hit the mummy but do no damage.
The mummy is almost destroyed.
The slave hits you.
* * * LOW HITPOINT WARNING * * *
Your goblin zombie hits the slave but does no damage.
Pikel hits you with a whip of flaming.
* * * LOW HITPOINT WARNING * * *
The mummy hits you!
You die...
Your body rises from the dead as a mindless zombie.

*****,,,,,,**#...,,,,,****,,,**#.
***,..** #....#,,,,****,,,#.#
****,..####.....,,,,,***,,...*
****,,,,...#....K..,,**,,,*..#.,,
..,,,,***#........>,****,,,,***,,
..***** #......#,,,* **,, * **.
.#* #.....K#*,,** *,,* #. .#
#.....p###,, * *,** #. .#
##...ZpK@M#*,,***,* *#. .##
#....Z.p###,*,,*,,*****.. .<##
##.#.....#*,,**,,,,,,,,... ...##
##..###...#,,,***,,,,,,....
....###..## ###...,,+,**,,,,.....
.Z.......#****#.#(.,***,,,,.*#...
<.....##..#*,,..##.,**,,,,...**#.
...#####.....,..#**,*,,,,#...#**#
...#* *#..#..#..+,**,,*,,*#..(#*#


You could see Pikel, 3 slaves, a mummy, a kobold, a friendly goblin zombie and a
friendly gnoll zombie.

Vanquished Creatures
  An orc priest (D:3)
  A worker ant (D:4)
  Ijyb (D:3)
  A gnoll (D:4)
  5 adders
  3 worms
  7 giant geckos
  An ooze (D:4)
  6 orcs
  3 ball pythons
  10 bats
  3 giant cockroaches
  9 hobgoblins
  3 jackals
  13 kobolds
  6 giant newts
  4 goblins
  11 rats
88 creatures vanquished.

Vanquished Creatures (collateral kills)
  An ice beast (D:3)
  Terence (D:2)
  2 adders
  An ooze (D:2)
  A bat (D:3)
  A goblin (D:2)
  A hobgoblin (D:2)
  A jackal (D:3)
  2 kobolds (D:2)
  A rat (D:3)
12 creatures vanquished.

Vanquished Creatures (others)
  A bat zombie (D:2)
  A hobgoblin zombie (D:3)
  2 kobold zombies (D:3)
  2 orc zombies (D:3)
6 creatures vanquished.

Grand Total: 106 creatures vanquished

Notes
Turn   | Place    | Note
--------------------------------------------------------------
     0 | D:1      | Ololoev, the Demonspawn Death Knight, began the quest for the Orb.
     0 | D:1      | Reached XP level 1. HP: 16/16 MP: 2/2
   499 | D:1      | Gained mutation: You sometimes gain a little power by taking damage. [demonic ancestry]
   499 | D:1      | Reached XP level 2. HP: 8/22 MP: 4/4
  1164 | D:1      | Reached XP level 3. HP: 14/27 MP: 5/5
  1516 | D:2      | Noticed Terence
  1785 | D:2      | Acquired Yredelemnul's second power
  1867 | D:2      | Killed Terence
  2254 | D:2      | Found an iron altar of Okawaru.
  2360 | D:2      | Reached skill level 4 in Long Blades
  2360 | D:2      | Gained mutation: Your flesh is cold resistant. [demonic ancestry]
  2360 | D:2      | Reached XP level 4. HP: 15/33 MP: 7/7
  2642 | D:2      | Found a shattered altar of Ashenzari.
  3483 | D:3      | Noticed Ijyb
  3511 | D:3      | Killed Ijyb
  3511 | D:3      | Gained mutation: You have a pair of small horns on your head. [demonic ancestry]
  3511 | D:3      | Reached XP level 5. HP: 18/38 MP: 8/8
  3930 | D:3      | Reached skill level 5 in Long Blades
  4047 | D:3      | Found a roughly hewn altar of Beogh.
  4149 | D:3      | Noticed an ice beast
  4174 | D:3      | Killed an ice beast
  4174 | D:3      | Reached XP level 6. HP: 19/44 MP: 10/10
  4616 | D:3      | Acquired Yredelemnul's third power
  5250 | D:4      | Found a snail-covered altar of Cheibriados.
  5254 | D:4      | Reached skill level 6 in Long Blades
  5458 | D:4      | Noticed Pikel
  5458 | D:4      | Found a sand-covered staircase.
  5471 | D:4      | Mangled by a mummy

Action                   |  1- 3 |  4- 6 || total
-------------------------+-------+-------++-------
Melee: Falchion          |   166 |   211 ||   377
Invok: Animate Remains   |     8 |    13 ||    21
       Injury Mirror     |       |     1 ||     1
       Animate Dead      |       |     2 ||     2
Evoke: Wand              |       |     1 ||     1
  Use: Scroll            |       |     8 ||     8
       Potion            |       |     3 ||     3
 Stab: Distracted        |     1 |     1 ||     2
  Eat: Chunk             |     3 |     3 ||     6
       Bread ration      |     1 |     1 ||     2
       Beef jerky        |       |     1 ||     1
